 Dungeon Crawl Stone Soup version 0.26.1-11-gd32895ea62 (webtiles) character file.

Game seed: 13590229908606774119

32 Zeld the Sneak (level 3, 0/24 HPs)
             Began as an Octopode Brigand on May 16, 2021.
             Slain by an adder (5 damage)
             ... on level 1 of the Dungeon.
             The game lasted 00:01:10 (1034 turns).

Zeld the Sneak (Octopode Brigand)                   Turns: 1034, Time: 00:01:11

Health: 0/24       AC:  1    Str: 11    XL:     3   Next: 25%
Magic:  4/4        EV: 13    Int: 13    God:
Gold:   35         SH:  0    Dex: 13    Spells: 4/4 levels left

rFire    . . .     SeeInvis .   a - +2 dagger
rCold    . . .     Faith    .   (no shield)
rNeg     . . .     Spirit   .   (helmet restricted)
rPois    .         Reflect  .   (no amulet)
rElec    .         Harm     .   (no ring)
rCorr    .         Rampage  .   (no ring)
Will     .....                  (no ring)
Stlth    ++++......             (no ring)
HPRegen  0.08/turn              (no ring)
MPRegen  0.09/turn              (no ring)
                                (no ring)
                                (no ring)

@: no status effects
A: almost no armour, stealthy swim, amphibious, 8 rings, constrict 8, camouflage
1, gelatinous body 1
a: no special abilities


You were on level 1 of the Dungeon.
You visited 1 branch of the dungeon, and saw 2 of its levels.

You collected 35 gold pieces.

Inventory:

Hand Weapons
 a - a +2 dagger (weapon)
Missiles
 b - 8 poisoned darts (quivered)
 c - 2 curare-tipped darts
Jewellery
 h - a +6 ring of strength {unknown}
 i - an uncursed ring of flight {unknown}
 l - an uncursed ring of resist corrosion {unknown}
Scrolls
 e - 3 scrolls of enchant armour {unknown}
 f - a scroll of identify {unknown}
 g - a scroll of enchant weapon {unknown}
 j - 2 scrolls of fear {unknown}
 k - a scroll of teleportation {unknown}
Potions
 d - 2 potions of degeneration {unknown}


   Skills:
 - Level 2.0 Fighting
 - Level 2.0 Short Blades
 * Level 3.2 Throwing
 - Level 1.0 Dodging
 - Level 5.3 Stealth
 + Level 1.1 Spellcasting


You had 4 spell levels left.
You didn't know any spells.
Your spell library was empty.

Dungeon Overview and Level Annotations

Branches:
Dungeon (2/15)

Altars:


Innate Abilities, Weirdness & Mutations

You cannot wear most types of armour.
You are very stealthy in the water. (Stealth+)
You are amphibious.
You can wear up to eight rings at the same time.
You can use your tentacles to constrict eight enemies at once.
Your skin changes colour to match your surroundings (Stealth+).
Your rubbery body absorbs attacks. (AC +1, EV +1)


Message History

You are too injured to fight recklessly!
You release your grip on the worm.
The adder barely misses you.
Found a sapphire potion.
You see here 3 gold pieces.
The adder bites you. The adder bites you.
* * * LOW HITPOINT WARNING * * *
There is a stone staircase leading up here.
The adder barely misses you.
You climb upwards.
There is a stone staircase leading down here.
You hit the adder. You grab the adder.
The adder is moderately wounded.
You constrict the adder. The adder barely misses you.
You hit the adder.
You squeeze the adder, but do no damage.
The adder is almost dead.
You constrict the adder. The adder bites you.
You die...

#........## ##.##.## #.
#.##..#...###..##.# #.
#(##..#......#.##.# #.
#.##...........##'## #.
#.##.##.########...## ####>
#.##.##.# ##.....###....
#.......## ##......^##.##.
####.#...####.........#.##.
#..†...S@.'.........'....
#..#...####.........#....
##...#..# ##.......######
#.###.#.# ##.†...## #.#
#...# ##...## #.###...#
##'## ##...#.## #.#
#####.##### #.# #......#
##.##


You could see an adder.

Vanquished Creatures
  A dart slug (D:1)
  4 leopard geckos
  2 giant cockroaches (D:1)
  5 goblins (D:1)
  2 hobgoblins (D:1)
  3 kobolds (D:1)
  A ball python (D:1)
  3 bats (D:1)
  4 rats (D:1)
25 creatures vanquished.

Notes
Turn   | Place    | Note
-------+----------+-------------------------------------------
     0 | D:1      | Zeld the Octopode Brigand began the quest for the Orb.
     0 | D:1      | Reached XP level 1. HP: 14/14 MP: 1/1
   163 | D:1      | Reached XP level 2. HP: 19/19 MP: 2/2
   463 | D:1      | Reached skill level 1 in Spellcasting
   564 | D:1      | Reached XP level 3. HP: 24/24 MP: 4/4
  1034 | D:1      | Slain by an adder

Illustrated notes

Levels and vault maps discovered:
D:1:      lightli_arrival_lavapool, layout_loops_corners,
          chequers_serial_rivers_large_b
D:2:      layout_rooms, lemuel_crystal_altar, grunt_qazlal_clouds

Skill      XL: |  1  2 |
---------------+-------+-----
Spellcasting   | 1 |  1.1
Throwing       | 3 |  3.2
Fighting       | |  2.0
Short Blades   | |  2.0
Dodging        | |  1.0
Stealth        | |  5.3

Action                   || total
-------------------------++-------
Melee: Dagger            ||    38
       Tentacles         ||     9
       Constrict         ||     6
Throw: Dart              ||     1
 Stab: Sleeping          ||    14
Dodge: Dodged            ||    15
